 Dungeon Crawl Stone Soup version 0.30-a0-305-g026cb31310 (webtiles) character file.

Game seed: 9210610132566947895

10780 Sobieck the Geomancer (level 11, -1/74 HPs)
             Began as a Ghoul Earth Elementalist on Oct 23, 2022.
             Was a Priest of Vehumet.
             Slain by Snorg (14 damage)
             ... on level 10 of the Dungeon.
             The game lasted 00:29:43 (11990 turns).

Sobieck the Geomancer (Ghoul Earth Elementalist)   Turns: 11990, Time: 00:29:43

Health: -1/74      AC: 10    Str: 26    XL:     11   Next: 67%
Magic:  8/22       EV: 29    Int: 14    God:    Vehumet [***...]
Gold:   939        SH:  0    Dex:  9    Spells: 20/26 levels left

rFire   + . .      SeeInvis .    w - staff of earth {!astaff}
rCold   + . .      Faith    .    (no shield)
rNeg    + + +      Spirit   .    d - +2 robe {rF+}
rPois   ∞          Reflect  .    (no helmet)
rElec   .          Harm     .    F - +2 cloak
rCorr   .          Rampage  .    (no gloves)
Will    .....                    l - +2 pair of boots
Stlth   ++........               D - amulet "Wutul" {Acrobat Str+7}
HPRegen 0.00/turn                a - +6 ring of strength
MPRegen 0.18/turn                (no ring)

@: acrobatic, inhibited regen, studying Staves
A: claws 1, cold resistance 1, negative energy resistance 3, inhibited
regeneration, torment resistance 2, devour on kill
a: Renounce Religion


You were on level 10 of the Dungeon.
You worshipped Vehumet.
Vehumet was most pleased with you.
You visited 2 branches of the dungeon, and saw 11 of its levels.

You collected 1524 gold pieces.
You spent 585 gold pieces at shops.


Innate Abilities, Weirdness & Mutations

You are immune to poison.
You have sharp fingernails.
Your flesh is cold resistant. (rC+)
You are immune to negative energy. (rN+++)
You do not regenerate when monsters are visible.
You are immune to unholy pain and torment.
You thrive by killing the living.


   Skills:
 + Level 8.2 Dodging
 - Level 2.1 Stealth
 + Level 8.0 Spellcasting
 + Level 7.2 Conjurations
 - Level 0.8 Transmutations
 + Level 11.1 Earth Magic


You had 20 spell levels left.
You knew the following spells:

 Your Spells              Type           Power      Damage    Failure   Level
a - Sandblast             Erth           100%       2d20      1%          1
b - Stone Arrow           Conj/Erth      94%        3d12      1%          3
c - Passwall              Tmut/Erth      27%        N/A       1%          2

Your spell library contained the following spells:

 Spells                   Type           Power      Damage    Failure   Level
 Frozen Ramparts          Ice            10%        1d2       11%         3
 Mephitic Cloud           Conj/Pois/Air  12%        N/A       4%          3
 Poisonous Vapours        Pois/Air       10%        N/A       5%          2
 Petrify                  Tmut/Erth      33%        N/A       11%         4
 Cigotuvi's Dreadful Rot  Necr/Pois/Air  10%        N/A       19%         2

Inventory:

Hand Weapons
 e - a +0 dagger {short}
   (You found it on level 1 of the Dungeon)
 f - a +3 vorpal quarterstaff {staff}
   (You found it on level 1 of the Dungeon)
 v - a +3 flail {mace}
   (You took it off a wight on level 8 of the Dungeon)
 K - a +2 spear of freezing {polearm}
   (You took it off a gnoll sergeant on level 5 of the Dungeon)
 R - the +7 arbalest "Xuicson" {antimagic, rC+, crossbow}
   (You bought it in a shop on level 6 of the Dungeon)

   It reduces the magical energy of the wielder, and disrupts the spells and
   magical abilities of those it strikes.
   Natural abilities and divine invocations are not affected.
   rC:        It protects you from cold.
 S - the +5 broad axe of Intuition {holy, Dex+4, axe}
   (You bought it in a shop on level 6 of the Dungeon)

   It has been blessed by the Shining One to cause great damage to the undead
   and demons.
   Dex:       It affects your dexterity (+4).
 V - a +1 dagger of pain {short}
   (You found it on level 6 of the Dungeon)
 W - a +4 morningstar {mace}
   (You took it off a wight on level 6 of the Dungeon)
 Y - a +5 hand axe {axe}
   (You took it off a wight on level 6 of the Dungeon)
Missiles
 c - 7 curare-tipped darts {=fthrowing}
 g - 57 poisoned darts {throwing}
 k - 139 stones {throwing}
 M - a throwing net {=f!fthrowing}
 U - 2 boomerangs {throwing}
Armour
 d - a +2 robe of fire resistance (worn)
   (You found it on level 1 of the Dungeon)
 j - a scarf of resistance
   (You found it on level 9 of the Dungeon)
 l - a +2 pair of boots (worn)
   (You found it on level 8 of the Dungeon)
 A - +0 steam dragon scales
   (You found it on level 10 of the Dungeon)
 F - a +2 cloak (worn)
   (You found it on level 3 of the Dungeon)
 I - a +0 ring mail
   (You found it on level 3 of the Dungeon)
 J - a +0 leather armour
   (You took it off an orc on level 5 of the Dungeon)
 N - a +0 chain mail
   (You took it off an orc on level 5 of the Dungeon)
 O - a +0 robe
   (You found it on level 5 of the Dungeon)
 Q - a +0 ring mail
   (You took it off a gnoll sergeant on level 5 of the Dungeon)
 T - a +0 robe
   (You found it on level 6 of the Dungeon)
 X - a +0 robe
   (You took it off a wight on level 6 of the Dungeon)
 Z - a +0 robe
   (You took it off a wight on level 6 of the Dungeon)
Magical Staves
 r - a staff of earth {!astaff}
   (You found it on level 4 of the Dungeon)
 w - a staff of earth (weapon) {!astaff}
   (You found it on level 2 of the Dungeon)
 z - a staff of air {!astaff}
   (You found it on level 3 of the Dungeon)
Jewellery
 a - a +6 ring of strength (left claw)
   (You took it off a gnoll bouda on level 6 of the Dungeon)
 p - an amulet of guardian spirit
   (You found it on level 5 of the Dungeon)
 B - a ring of ice
   (You found it on level 7 of the Dungeon)
 D - the amulet "Wutul" (around neck) {Acrobat Str+7}
   (You took it off a goblin on level 3 of the Dungeon)

   [amulet of the acrobat]

   It increases your evasion while moving and waiting.
   Str:       It affects your strength (+7).
Wands
 s - a wand of mindburst (7)
   (You found it on level 7 of the Dungeon)
 y - a wand of roots (5)
   (You took it off Ijyb on level 2 of the Dungeon)
 E - a wand of quicksilver (4)
   (You found it on level 10 of the Dungeon)
Scrolls
 o - 5 scrolls of immolation {!r!r}
 t - 3 scrolls of teleportation {@r4}
 G - a scroll of vulnerability {!r!r}
 L - 2 scrolls of butterflies
 P - 5 scrolls of magic mapping {!r}
Potions
 b - 2 potions of resistance
 h - a potion of flight
 i - a potion of heal wounds {@q2}
 m - a potion of ambrosia {unknown}
 q - a potion of cancellation {unknown}
 u - 4 potions of curing {@q1}
 x - a potion of brilliance {unknown}
 C - 2 potions of might

Dungeon Overview and Level Annotations

Branches:
Dungeon (10/15) Zot: 25367  Temple (1/1) D:5 Zot: 5921    Lair (0/5) D:10
    Orc: D:9-12

Altars:
Ashenzari
Cheibriados
Dithmenos
Fedhas
Gozag
Hepliaklqana
Kikubaaqudgha
Makhleb
Nemelex Xobeh
Okawaru
Qazlal
Ru
Sif Muna
Trog
Uskayaw
Vehumet
Wu Jian
Xom
Yredelemnul

Shops:
D:6 *(   D:9 *

Portals:
Trove: D:10 (give 11 potions of heal wounds)

Annotations:
D:6 2 transporters, ystael's ghost, novice MiFi
D:10 Snorg

############## #§§§§§§§§§§§.#
#§§§§§§§§§§§.# ########
#§§§§§§§§§§§.###..>....
#§§§§§§§§§§§...#.......
#§§§§§§§§§§§.#.#.......
#§§§§T@§§§§§.#.#.......
#§§§§§§§§§§§.#.#.......
#§§§.§§§§§§§.#.#.......
#######.##§#########.'.......
##.......##§># ###.......
...P.....###.# ###'####
..........##.# #..#
...P...P.P.#'# ###.###
..........P... #......


You could see Snorg (berserk, extremely poisoned).


Message History

Your pack is full.
Things that are here:
a +0 flail {mace}; a scroll of enchant weapon; an orc corpse Could not pick up a scroll of enchant weapon here; ([A]lways) ignore it?
Okay, then.
Unknown command.
Okay, then.
Unknown command.
Unknown command.
Unknown command.
Your pack is full.
Things that are here:
a +0 flail {mace}; a scroll of enchant weapon; an orc corpse Could not pick up a scroll of enchant weapon here; ([A]lways) ignore it?
Autopickup disabled for scrolls of enchant weapon.
o - 5 scrolls of immolation {!r!r} (gained 1)
Your pack is full.
Things that are here:
a +5 halberd {polearm}; a +0 robe Unknown command.
Your pack is full.
Things that are here:
a +5 halberd {polearm}; a +0 robe Could not pick up a +5 halberd {polearm} here; ([A]lways) ignore it?
Autopickup disabled for halberds.
There is an open door here.
Found an escape hatch in the floor.
Unknown command.
There is an open door here.
There is an open door here.
There is an open door here.
An ogre comes into view. It is wielding a +0 giant club.
Found an escape hatch in the ceiling.
The ogre shouts!
Danger!
You feel a surge of power!
The stone arrow misses the ogre.
You feel a surge of power!
The stone arrow hits the ogre!!
You feel a surge of power!
The stone arrow hits the ogre!!
You kill the ogre!
Vehumet accepts your kill.
You feel your power returning.
You see here a +0 club {mace}.
Found a stone staircase leading down.
Unknown command.
There is an escape hatch in the ceiling here.
There is a stone staircase leading down here.
There is an escape hatch in the ceiling here.
Snorg shouts!
You hear a shout!
Danger!
You feel a surge of power!
The stone arrow hits Snorg!!
You feel a surge of power!
The stone arrow hits Snorg!
You feel a surge of power!
The stone arrow misses Snorg.
Snorg goes berserk!
You feel a surge of power!
The stone arrow hits Snorg!
Unknown command.
You feel a surge of power!
The stone arrow misses Snorg.
Snorg bites you! Snorg claws you! Snorg barely misses you. Snorg bites you.
Snorg claws you! Snorg barely misses you.
Unknown command.
Casting: Stone Arrow (safe; 1% risk of failure)
Confirm with . or Enter, or press ? or * to list all spells.
Aiming: Sandblast (safe; 1% risk of failure)
Press: ? - help, Shift-Dir - straight line, f/p - Snorg
Aim: Snorg (moderately wounded, berserk, 85% to hit)
You feel a surge of power!
The blast of sand hits Snorg.
Snorg bites you!
* * * LOW HITPOINT WARNING * * *
Snorg claws you but does no damage. Snorg claws you.
* * * LOW HITPOINT WARNING * * *
Snorg bites you.
* * * LOW HITPOINT WARNING * * *
Snorg claws you.
* * * LOW HITPOINT WARNING * * *
Snorg claws you!
* * * LOW HITPOINT WARNING * * *
Casting: Sandblast (safe; 1% risk of failure)
Confirm with . or Enter, or press ? or * to list all spells.
Aiming: Sandblast (safe; 1% risk of failure)
Press: ? - help, Shift-Dir - straight line, f/p - Snorg
Aim: Snorg (heavily wounded, berserk, 85% to hit)
Okay, then.
Unknown command.
Really read
n - a scroll of blinking {!r}? [Y]es or [N]o only, please.
Really read
n - a scroll of blinking {!r}?
Blink to where?
Press: ? - help, Dir - move target, p - Snorg
As you read the scroll of blinking {!r}, it crumbles to dust.
Snorg rages.
Unknown command.
You hear a shout!
Unknown command.
The air fills with toxic fumes!
As you read the scroll of poison, it crumbles to dust.
Snorg is engulfed in poison gas.
Snorg is poisoned.
Snorg is engulfed in poison gas.
Snorg looks even sicker.
Unknown command.
Snorg is engulfed in poison gas.
Snorg looks even sicker.
Snorg is engulfed in poison gas.
Snorg looks as sick as possible!
Snorg bites you!
You die...

Skill      XL: |  1  2  3  4  5  6  7  8  9 10 11 |
---------------+----------------------------------+-----
Dodging        | 2 3 5 6 7 8 |  8.2
Spellcasting   | 2 3 5 6 7 8 |  8.0
Earth Magic    | 4 5 6 7 8 10 11 | 11.1
Conjurations   | 1 2 4 5 6 7 |  7.2
Stealth        | |  2.1
Transmutations | |  0.8

Action                   |  1- 3 |  4- 6 |  7- 9 | 10-12 || total
-------------------------+-------+-------+-------+-------++-------
Melee: Quarterstaff      |    36 |    15 |       |       ||    51
       Staff             |       |     2 |     1 |     6 ||     9
Throw: Dart              |       |     3 |    11 |     5 ||    19
       Stone             |       |       |     1 |       ||     1
       Throwing net      |       |       |     1 |       ||     1
 Cast: Sandblast         |    47 |    69 |   144 |   138 ||   398
       Stone Arrow       |       |       |    19 |   115 ||   134
  Use: Potion            |       |     1 |       |     1 ||     2
       Scroll            |       |       |    17 |     9 ||    26
 Stab: Sleeping          |     3 |     1 |       |       ||     4
Armor: Robe              |    23 |    31 |    31 |    40 ||   125
Dodge: Dodged            |    56 |    39 |    73 |   136 ||   304

Levels and vault maps discovered:
D:1:      shiori_arrival_whats_in_store_for_you, layout_basic, minmay_cut_off
D:2:      layout_basic, minivault_25, minmay_goblin_outpost
D:3:      layout_loops_corners, gup_sewer_entry_spiral, uniq_ijyb, uniq_jessica,
          uniq_grinder
D:4:      layout_rooms, chequers_serial_rivers_micro_a, minmay_manual_moon
D:5:      layout_basic, minmay_temple_entry_waves, reono_crystal_passage,
          lightli_minifort
D:6:      layout_loops_cross, gammafunk_ghost_arena, minmay_shop_damaged,
          nicolae_stop_n_shop_1, chequers_serial_rivers_micro_d
D:7:      layout_basic, serial_glass, glass_columns_b, glass_columns_a
D:8:      layout_layer_cave, mainiacjoe_overflow_concentric_impassable,
          special_room [special_room_kobold], serial_shops,
          nicolae_shop_bloodbath_and_beyond
D:9:      layout_cave_pools, mainiacjoe_overflow_large_starburst, led_sif_pool,
          chequers_temple_overflow_statue_of_worship, guppyfry_shop_venom
D:10:     layout_roguey [special_room_orc], due_lair_maze_entry_diamond,
          enter_trove_2, grunt_ministairs_15, minmay_splitting_lines,
          st_stairs_6, uniq_snorg
Temple:   nicolae_temple_x_marks_the_god

Notes
Turn   | Place    | Note
-------+----------+-------------------------------------------
     0 | D:1      | Sobieck the Ghoul Earth Elementalist began the quest for
                  | the Orb.
     0 | D:1      | Reached XP level 1. HP: 14/14 MP: 2/2
   249 | D:1      | Reached XP level 2. HP: 20/20 MP: 1/3
   251 | D:1      | Reached skill level 2 in Dodging
   290 | D:1      | Reached skill level 2 in Spellcasting
   690 | D:1      | Reached skill level 4 in Earth Magic
   690 | D:1      | Reached XP level 3. HP: 26/26 MP: 3/5
  1155 | D:2      | Learned a level 3 spell: Stone Arrow
  1420 | D:2      | Reached XP level 4. HP: 33/33 MP: 4/6
  1747 | D:3      | Noticed Ijyb
  1758 | D:2      | Killed Ijyb
  2089 | D:3      | Noticed Jessica
  2091 | D:3      | Killed Jessica
  2092 | D:3      | Reached XP level 5. HP: 38/38 MP: 4/7
  2100 | D:3      | Reached skill level 1 in Conjurations
  2157 | D:3      | Identified the amulet "Wutul" {Acrobat Str+7}
  2383 | D:3      | Noticed Grinder
  2386 | D:3      | Paralysed by Grinder for 5 turns
  2401 | D:3      | Killed Grinder
  2402 | D:3      | Reached skill level 3 in Dodging
  2402 | D:3      | Reached skill level 3 in Spellcasting
  2402 | D:3      | Reached skill level 5 in Earth Magic
  2402 | D:3      | Reached XP level 6. HP: 26/45 MP: 3/9
  3162 | D:4      | Noticed a black bear
  3169 | D:4      | Killed a black bear
  3170 | D:4      | Reached skill level 2 in Conjurations
  3170 | D:4      | Reached skill level 6 in Earth Magic
  3170 | D:4      | Reached XP level 7. HP: 50/50 MP: 5/10
  3970 | D:4      | Reached skill level 7 in Earth Magic
  3970 | D:4      | Reached XP level 8. HP: 52/57 MP: 6/12
  4133 | D:3      | Identified a scroll of acquirement
  4133 | D:3      | Acquired 936 gold pieces
  4258 | D:4      | Reached skill level 4 in Dodging
  4258 | D:4      | Reached skill level 3 in Conjurations
  4484 | D:5      | Entered Level 5 of the Dungeon
  4506 | D:5      | Reached skill level 4 in Spellcasting
  4787 | D:5      | Found a staircase to the Ecumenical Temple.
  4796 | Temple   | Entered the Ecumenical Temple
  4868 | Temple   | Became a worshipper of Vehumet
  5101 | D:5      | Reached skill level 5 in Dodging
  5262 | D:5      | Reached skill level 4 in Conjurations
  5416 | D:5      | HP: 14/57 [gnoll/+0 spear[a gnoll sergeant] (2)]
  5417 | D:5      | Reached skill level 5 in Spellcasting
  5640 | D:6      | Found Orietuyhao's Antique Weapon Emporium.
  5643 | D:6      | Bought a faintly glowing arbalest for 247 gold pieces
  5643 | D:6      | Identified the +7 arbalest "Xuicson" {antimagic, rC+} (You
                  | bought it in a shop on level 6 of the Dungeon)
  5643 | D:6      | Bought a bone broad axe for 234 gold pieces
  5643 | D:6      | Identified the +5 broad axe of Intuition {holy, Dex+4} (You
                  | bought it in a shop on level 6 of the Dungeon)
  5676 | D:6      | Found a transporter.
  5681 | D:6      | Noticed ystael's ghost (novice MiFi)
  5718 | D:6      | Found a transporter.
  5739 | D:6      | Reached XP level 9. HP: 62/62 MP: 13/15
  5902 | D:6      | Found Fisikh's Lightly-Used Armoury.
  6001 | D:6      | Noticed a two-headed ogre
  6014 | D:6      | Killed a two-headed ogre
  6307 | D:6      | Reached skill level 8 in Earth Magic
  6317 | D:6      | Reached * piety under Vehumet
  6317 | D:6      | Offered knowledge of Foxfire by Vehumet.
  6318 | D:6      | Reached skill level 6 in Dodging
  6318 | D:6      | Reached skill level 5 in Conjurations
  6666 | D:6      | Reached skill level 6 in Spellcasting
  6698 | D:6      | Learned a level 2 spell: Passwall
  7177 | D:7      | Reached XP level 10. HP: 40/69 MP: 12/18
  8154 | D:8      | Found Qiav Wemn's Weapon Emporium.
  8440 | D:8      | Found a sacrificial altar of Ru.
  8446 | D:8      | You pick up a book of Vapours and begin reading...
  8446 | D:8      | You add the spells Poisonous Vapours, Cigotuvi's Dreadful
                  | Rot and Mephitic Cloud to your library.
  8474 | D:8      | Reached skill level 9 in Earth Magic
  8482 | D:8      | Reached skill level 7 in Dodging
  8483 | D:8      | Reached skill level 6 in Conjurations
  8589 | D:8      | Offered knowledge of Kiss of Death by Vehumet.
  8591 | D:8      | Noticed a kobold demonologist
  8608 | D:8      | Killed a kobold demonologist
  8609 | D:8      | Reached skill level 7 in Spellcasting
  8732 | D:8      | Reached ** piety under Vehumet
  8887 | D:8      | Reached skill level 10 in Earth Magic
  9175 | D:9      | Found an opulent altar of Gozag.
  9178 | D:9      | Found a burning altar of Makhleb.
  9350 | D:9      | Found a snail-covered altar of Cheibriados.
  9363 | D:9      | Found a shimmering altar of Xom.
  9414 | D:9      | Noticed a two-headed ogre
  9512 | D:9      | Noticed a two-headed ogre
  9519 | D:9      | Killed a two-headed ogre
  9520 | D:9      | Reached XP level 11. HP: 74/74 MP: 7/20
  9918 | D:9      | Found Nexze's Serpentskin Sales.
  9936 | D:9      | Bought 2 scrolls of poison for 104 gold pieces
  9955 | D:9      | Killed a two-headed ogre
 10333 | D:9      | Found a shimmering blue altar of Sif Muna.
 10371 | D:10     | Entered Level 10 of the Dungeon
 10541 | D:10     | Offered knowledge of Momentum Strike by Vehumet.
 10640 | D:10     | Found a staircase to the Lair.
 10789 | D:10     | Reached *** piety under Vehumet
 11001 | D:10     | Noticed Snorg
 11066 | D:10     | Found a portal to a secret trove of treasure.
 11078 | D:10     | Reached skill level 8 in Dodging
 11078 | D:10     | Reached skill level 7 in Conjurations
 11199 | D:10     | Offered knowledge of Frozen Ramparts by Vehumet.
 11311 | D:10     | Reached skill level 11 in Earth Magic
 11468 | D:10     | Reached skill level 8 in Spellcasting
 11985 | D:10     | HP: 13/74 [Snorg (10)]
 11990 | D:10     | Slain by Snorg

Vanquished Creatures
  3 two-headed ogres
  A kobold demonologist (D:8)
  An unseen horror (D:10)
  Grinder (D:3)
  2 wyverns
  11 yaks
  A steam dragon (D:10)
  5 water moccasins
  4 orc warriors
  3 ice beasts (D:5)
  3 sky beasts
  4 black bears
  2 centaurs
  4 ogres
  16 kobold brigands
  4 bullfrogs
  2 necrophages
  A gnoll sergeant (D:5)
  2 scorpions
  14 wights
  9 killer bees
  3 howler monkeys
  3 orc priests
  A jelly (D:6)
  2 gnoll boudas
  3 hounds
  5 iguanas
  Jessica (D:3)
  3 orc wizards
  Ijyb (D:2)
  12 gnolls
  11 adders
  A white imp (D:6)
  3 ufetubi
  2 worms (D:2)
  4 dart slugs
  34 orcs
  8 endoplasms
  4 giant cockroaches
  13 goblins
  10 hobgoblins
  10 jackals
  9 quokkas
  7 ball pythons
  8 bats
  A frilled lizard (D:1)
  27 kobolds
  6 rats
285 creatures vanquished.

Vanquished Creatures (collateral kills)
  A yak (D:8)
  4 gnolls (D:5)
5 creatures vanquished.

Vanquished Creatures (others)
  48 fungi (D:10)
  44 plants (D:10)
92 creatures vanquished.

Grand Total: 382 creatures vanquished

Table legend:
 A = Non-vault XP
 B = Vault XP
 C = Vault XP percentage of total XP
 D = Non-vault monster count
 E = Vault monster count
 F = Vault count percentage of total count
                 A         B        C        D         E       F
            +---------+---------+-------+---------+---------+-------
      Total |   10928 |    4472 |  29.0 |     206 |      84 |  29.0
            +---------+---------+-------+---------+---------+-------
        D:1 |      30 |       4 |  11.8 |      19 |       1 |   5.0
        D:2 |      64 |      50 |  43.9 |      26 |       9 |  25.7
        D:3 |      51 |     347 |  87.2 |      19 |       9 |  32.1
        D:4 |     623 |     193 |  23.7 |      24 |       7 |  22.6
        D:5 |     761 |     139 |  15.4 |      16 |       5 |  23.8
        D:6 |    1957 |       0 |   0.0 |      23 |       0 |   0.0
        D:7 |     776 |       0 |   0.0 |       8 |       0 |   0.0
        D:8 |    1390 |    1787 |  56.2 |      17 |      20 |  54.1
        D:9 |    3572 |      16 |   0.4 |      36 |       2 |   5.3
       D:10 |    1704 |    1936 |  53.2 |      18 |      31 |  63.3
            +---------+---------+-------+---------+---------+-------

Illustrated notes

Table legend:
 A = Kills in this place as a percentage of kills in entire the game.
 B = Kills by you in this place as a percentage of kills by you in the entire game.
 C = Kills by friends in this place as a percentage of kills by friends in the entire game.
 D = Other kills in this place as a percentage of other kills in the entire game.
 E = Experience gained in this place as a percentage of experience gained in the entire game.
 F = Experience gained in this place divided by the number of levels of this place that you have seen.
                   A       B       C       D       E      F
               +-------+-------+-------+-------+-------+----------------------
         Total | 100.0 | 100.0 | 100.0 |   N/A | 100.0 | 1400.0
       Dungeon | 100.0 | 100.0 | 100.0 |   N/A | 100.0 | 1540.0
               +-------+-------+-------+-------+-------+----------------------

Table legend: (Time is in decaauts)
 A = Elapsed time spent in this place.
 B = Non-inter-level travel time spent in this place.
 C = Inter-level travel time spent in this place.
 D = Time resting spent in this place.
 E = Time spent auto-exploring this place.
 F = Levels seen in this place.
 G = Mean time per level.
                   A        B        C        D        E       F      G
               +--------+--------+--------+--------+--------+-----+--------+
         Total |  12264 |  11806 |    458 |   1866 |   7773 |  11 | 1114.9 |
       Dungeon |  12185 |  11742 |    443 |   1866 |   7716 |  10 | 1218.5 |
        Temple |     78 |     63 |     15 |      0 |     57 |   1 |   78.0 |
               +--------+--------+--------+--------+--------+-----+--------+

Top non-repeatable levels by time:
     D:3: 1830 daAuts
     D:9: 1711 daAuts
     D:8: 1563 daAuts
     D:6: 1113 daAuts
     D:2: 1087 daAuts
    D:10: 1087 daAuts
     D:5: 1061 daAuts
     D:7: 974 daAuts
     D:4: 954 daAuts
     D:1: 802 daAuts
  Temple: 78 daAuts
